 Dungeon Crawl Stone Soup version 0.32-a0-312-g1d7162e751 (webtiles) character file.

Game seed: 17214051779961537195

59 Essalna the Magician (level 3, -4/19 HPs)
             Began as a Deep Elf Air Elementalist on Feb 15, 2024.
             Succumbed to Robin's poison
             ... on level 2 of the Dungeon.
             The game lasted 00:01:28 (1066 turns).

Essalna the Magician (Deep Elf Air Elementalist)    Turns: 1066, Time: 00:01:29

Health: -4/19      AC:  2    Str:  5    XL:     3   Next: 78%
Magic:  0/10       EV: 12    Int: 21    God:
Gold:   4          SH:  0    Dex: 15    Spells: 9/10 levels left

rFire   . . .        (no weapon)
rCold   . . .        (no shield)
rNeg    . . .        a - +0 robe
rPois   .            (no helmet)
rElec   .            (no cloak)
rCorr   .            (no gloves)
SInv    .            (no boots)
Will    .....        (no amulet)
Stlth   ++           (no ring)
HPRegen 0.23/turn    (no ring)
MPRegen 0.12/turn

%: no passive effects
@: mighty, lethally poisoned (-4 -> -31), very slightly contaminated
A: no striking features
a: no special abilities


You were on level 2 of the Dungeon.
You visited 1 branch of the dungeon, and saw 2 of its levels.

You collected 4 gold pieces.

Inventory:

Armour
 a - a +0 robe (worn)
Jewellery
 c - a ring of ice
Scrolls
 d - a scroll of amnesia {unknown}
 e - 3 scrolls of enchant weapon {unknown}
 f - a scroll of enchant armour {unknown}
Potions
 b - a potion of magic


   Skills:
 - Level 2.4 Dodging
 - Level 2.4 Stealth
 + Level 4.2 Spellcasting
 + Level 2.3 Conjurations
 + Level 4.0 Air Magic


You had 9 spell levels left.
You knew the following spells:

 Your Spells              Type           Power      Damage    Failure   Level
a - Shock                 Conj/Air       68%        1d7       3%          1

Your spell library contained the following spells:

 Spells                   Type           Power      Damage    Failure   Level
 Static Discharge         Conj/Air       34%        3-5/arc   4%          2
 Swiftness                Air            21%        N/A       7%          3
 Apportation              Tloc           8%         N/A       12%         1
 Jinxbite                 Hex            8%         N/A       19%         2
 Stone Arrow              Conj/Erth      18%        3d8       22%         3
 Airstrike                Air            10%        2d(2-18)  22%         4
 Animate Armour           Summ/Erth      8%         N/A       75%         4
 Alistair's Intoxication  Alch           2%         N/A       97%         5
 Lehudib's Crystal Spear  Conj/Erth      4%         10d3      100%        8


Dungeon Overview and Level Annotations

Branches:
Dungeon (2/15)

Altars:

Annotations:
D:2 Robin


Message History

The giant cockroach is severely wounded.
The zap misses Robin.
The zap hits the hobgoblin.
The hobgoblin is severely wounded.
The giant cockroach bites you but does no damage.
Casting: Shock (safe; 3% risk of failure)
Confirm with . or Enter, or press ? or * to list all spells.
Aiming: Shock (safe; 3% risk of failure)
Press: ? - help, Shift-Dir - straight line, f/p - giant cockroach
Aim: a giant cockroach (severely wounded, 71% to hit)
The zap hits the giant cockroach.
You kill the giant cockroach!
The zap hits Robin.
Robin is moderately wounded.
The zap hits the hobgoblin.
You kill the hobgoblin!
Casting: Shock (safe; 3% risk of failure)
Confirm with . or Enter, or press ? or * to list all spells.
Aiming: Shock (safe; 3% risk of failure)
Press: ? - help, Shift-Dir - straight line, f - Robin
Aim: Robin, wielding a +2 short sword of venom, wearing a +0 animal skin, wearing a +2 helmet and carrying a wand of polymorph (moderately wounded, 79% to hit)
The zap misses Robin.
Robin hits you with a +2 short sword of venom.
You are lethally poisoned!
Casting: Shock (safe; 3% risk of failure)
Confirm with . or Enter, or press ? or * to list all spells.
Aiming: Shock (safe; 3% risk of failure)
Press: ? - help, Shift-Dir - straight line, f/p - Robin
Aim: Robin, wielding a +2 short sword of venom, wearing a +0 animal skin, wearing a +2 helmet and carrying a wand of polymorph (moderately wounded, 79% to hit)
The zap hits Robin.
Robin is heavily wounded.
You feel very sick.
Robin hits you with a +2 short sword of venom.
* * * LOW HITPOINT WARNING * * *
You are more poisoned.
Okay, then.
Unknown command.
You aren't carrying any items that you can evoke.
It was a potion of might.
You feel very mighty all of a sudden.
You die...

###########
#)<)g@....#
#†.)######.#
.!..)... #.#
####..g.# #.#
.....g#####<#
............<#
#####.........#
##..#####.# #.#


You could see Robin.

Vanquished Creatures
  A dart slug (D:1)
  A bat (D:2)
  2 endoplasms (D:1)
  A giant cockroach (D:2)
  7 goblins (D:2)
  8 hobgoblins
  4 quokkas (D:1)
  4 frilled lizards (D:1)
  A kobold (D:1)
  A rat (D:1)
30 creatures vanquished.

Notes
Turn   | Place    | Note
-------+----------+-------------------------------------------
     0 | D:1      | Essalna the Deep Elf Air Elementalist began the quest for
                  | the Orb.
     0 | D:1      | Reached XP level 1. HP: 10/10 MP: 6/6
   138 | D:1      | Reached XP level 2. HP: 15/15 MP: 6/8
   642 | D:1      | Reached XP level 3. HP: 19/19 MP: 5/10
   985 | D:2      | Noticed Robin
  1066 | D:2      | Succumbed to Robin's poison

Illustrated notes

Levels and vault maps discovered:
D:1:      lightli_arrival_statuegarden, layout_loops_ring
D:2:      layout_loops_ring, serial_shops, shop, uniq_robin, uniq_jessica

Skill      XL: |  1  2  3 |
---------------+----------+-----
Conjurations   | 2 |  2.3
Spellcasting   | 4 |  4.2
Air Magic      | 4 |  4.0
Dodging        | |  2.4
Stealth        | |  2.4

Action                     || total
---------------------------++-------
   Cast: Shock             ||    53
    Use: Potion            ||     1
 Armour: Robe              ||     7
  Dodge: Dodged            ||     1

Table legend: (Time is in decaauts)
 A = Elapsed time spent in this place.
 B = Non-inter-level travel time spent in this place.
 C = Inter-level travel time spent in this place.
 D = Time resting spent in this place.
 E = Time spent auto-exploring this place.
 F = Levels seen in this place.
 G = Mean time per level.
                   A        B        C        D        E       F      G
               +--------+--------+--------+--------+--------+-----+--------+
         Total |   1066 |   1028 |     38 |     28 |    890 |   2 |  533.0 |
       Dungeon |   1066 |   1028 |     38 |     28 |    890 |   2 |  533.0 |
               +--------+--------+--------+--------+--------+-----+--------+

Top non-repeatable levels by time:
     D:1: 1013 daAuts
     D:2: 53 daAuts
